 Dungeon Crawl Stone Soup version 0.26.1-11-gd32895ea62 (webtiles) character file.

Game seed: 16013277736425613829

755 manyhoops the Ruffian (level 7, -5/59 HPs)
             Began as a Palentonga Transmuter on Apr 14, 2021.
             Was an Initiate of Wu Jian.
             Slain by an orc warrior
             ... wielding a +0 glaive
              (22 damage)
             ... on level 5 of the Dungeon.
             The game lasted 00:07:15 (4764 turns).

manyhoops the Ruffian (Palentonga Transmuter)       Turns: 4764, Time: 00:07:15

Health: -5/59      AC: 13    Str: 15    XL:     7   Next: 49%
Magic:  10/10      EV:  9    Int: 14    God:    Wu Jian [......]
Gold:   381        SH:  7    Dex: 10    Spells: 4/10 levels left

rFire    + . .     SeeInvis +     - Unarmed
rCold    + . .     Faith    .   r - +3 buckler of Giptuf Ditogh {rF+ Will+ Regen+}
rNeg     . . .     Spirit   .   t - +1 ring mail {rC+}
rPois    +         Reflect  .   (helmet currently unavailable)
rElec    .         Harm     .   (no cloak)
rCorr    .         Rampage  .   (no gloves)
Will     +....                  (no barding)
Stlth    ..........             (no amulet)
HPRegen  0.59/turn              d - ring of poison resistance
MPRegen  0.12/turn              (no ring)

@: appendages, curled up
A: large, horns 2, talons 2, rugged brown scales 3, see invisible, deformed
body, roll 1, armoured tail, reflexive curl
a: Rolling Charge, End Transformation, Renounce Religion


You were on level 5 of the Dungeon.
You worshipped Wu Jian.
Wu Jian was noncommittal.
You had grown temporary horns.
You had grown temporary talons.
You visited 1 branch of the dungeon, and saw 6 of its levels.

You collected 381 gold pieces.

Inventory:

Armour
 r - the +3 buckler of Giptuf Ditogh (worn) {rF+ Will+ Regen+}
   (You found it on level 4 of the Dungeon)

   It protects you from fire.
   It affects your willpower, your defense against some magical effects.
   It increases your rate of regeneration.
 t - a +1 ring mail of cold resistance (worn)
Jewellery
 d - a ring of poison resistance (left hand)
Wands
 m - a wand of paralysis (13)
 s - a wand of disintegration (17)
 v - a wand of random effects (18)
Scrolls
 a - a scroll of fog
 b - a scroll of amnesia
 e - a scroll of noise {unknown}
 f - a scroll of magic mapping {unknown}
 g - a scroll of remove curse {unknown}
 i - a scroll of teleportation {unknown}
 l - a scroll of random uselessness {unknown}
 q - a scroll of enchant armour {unknown}
Potions
 c - 2 potions of brilliance
 h - a potion of cancellation
 j - 2 potions of degeneration {unknown}
 k - a potion of curing
 n - a potion of invisibility {unknown}
 o - a potion of mutation {unknown}
 p - a potion of heal wounds {unknown}
 u - a potion of flight {unknown}


   Skills:
 - Level 2.4 Fighting
 * Level 2.0 Armour
 + Level 2.3 Dodging
 - Level 2.7 Shields
 - Level 5.2 Unarmed Combat
 - Level 2.0 Spellcasting
 - Level 4.7 Transmutations


You had 4 spell levels left.
You knew the following spells:

 Your Spells              Type           Power        Failure   Level
a - Beastly Appendage     Tmut           28%          6%          1
b - Wereblood             Tmut           14%          10%         2
c - Spider Form           Tmut/Pois      4%           45%         3

Your spell library contained the following spells:

 Spells                   Type           Power        Failure   Level
 Ice Form                 Ice/Tmut       8%           86%         4
 Blade Hands              Tmut           7%           87%         5


Dungeon Overview and Level Annotations

Branches:
Dungeon (6/15)             Temple (0/1) D:5

Altars:
Fedhas
Makhleb
Nemelex Xobeh
Wu Jian
Xom

Shops:
D:6 =

Annotations:
D:3 3 runed translucent doors, lauthentik's ghost, amateur DrTm


Innate Abilities, Weirdness & Mutations

You are completely covered in rugged brown scales. (AC +3, +7% HP)
You have supernaturally acute eyesight. (SInv)
Armour fits poorly on your strangely shaped body.
You can roll at nearby foes to attack.
You have a long armoured tail.
You curl defensively after being hit.
You have a pair of horns on your head.
You have razor-sharp toenails.


Message History

You are too injured to fight recklessly!
You are too injured to fight recklessly!
You are too injured to fight recklessly!
You are too injured to fight recklessly!
You are too injured to fight recklessly!
You are too injured to fight recklessly!
You are too injured to fight recklessly!
You are too injured to fight recklessly!
You are too injured to fight recklessly!
You are too injured to fight recklessly!
You are too injured to fight recklessly!
You are too injured to fight recklessly!
You are too injured to fight recklessly!
You are too injured to fight recklessly!
You are too injured to fight recklessly!
You are too injured to fight recklessly!
You barely miss the orc warrior.
Your tail-slap misses the orc warrior.
The orc warrior is heavily wounded.
The orc warrior hits you with a +0 glaive!!
You die...

#.# #....#..... ##.#
###........
######..#####.......#
#..................##
#..............###...
#.............## ####
#.........#####
#...o.....#
#...@.....#
#...<.....#
#.........#
#.........#
#.........#
###########


You could see an orc warrior.

Vanquished Creatures
  Edmund (D:4)
  A centaur (D:3)
  A howler monkey (D:5)
  A bullfrog zombie (D:5)
  2 jellies
  Ijyb (D:4)
  6 worker ants
  A hound skeleton (D:4)
  5 gnolls (D:2)
  8 adders
  A shadow imp (D:5)
  A white imp (D:3)
  An ufetubus (D:5)
  An ooze (D:2)
  5 dart slugs
  3 leopard geckos
  2 orcs (D:3)
  7 bats
  8 giant cockroaches
  10 goblins
  11 hobgoblins
  4 jackals (D:3)
  6 quokkas
  3 ball pythons
  9 frilled lizards
  14 kobolds
  11 rats
124 creatures vanquished.

Notes
Turn   | Place    | Note
-------+----------+-------------------------------------------
     0 | D:1      | manyhoops the Palentonga Transmuter began the quest for the
                  | Orb.
     0 | D:1      | Reached XP level 1. HP: 17/17 MP: 3/3
   201 | D:1      | Reached XP level 2. HP: 24/24 MP: 5/5
   730 | D:1      | Reached XP level 3. HP: 31/31 MP: 4/6
   799 | D:1      | Reached skill level 4 in Unarmed Combat
  1757 | D:2      | Reached XP level 4. HP: 37/38 MP: 5/7
  1861 | D:2      | Reached skill level 5 in Unarmed Combat
  1899 | D:2      | Reached XP level 5. HP: 24/44 MP: 8/8
  1926 | D:2      | Learned a level 2 spell: Wereblood
  2362 | D:3      | Found a runed translucent gate.
  2369 | D:3      | Found a runed translucent gate.
  2371 | D:3      | Noticed lauthentik's ghost (amateur DrTm)
  2371 | D:3      | Identified the +9 dagger "Killer Bee's Regret" {elec, *Rage
                  | rN+ Dex+2}
  2372 | D:3      | Found a runed translucent gate.
  3233 | D:3      | Noticed a centaur
  3238 | D:3      | Killed a centaur
  3239 | D:3      | Reached XP level 6. HP: 39/53 MP: 7/9
  3332 | D:3      | Found an ornate altar of the Wu Jian Council.
  3382 | D:3      | Became a worshipper of the Wu Jian Council
  3715 | D:4      | Learned a level 3 spell: Spider Form
  3795 | D:4      | Got a fine buckler
  3806 | D:4      | Identified the +3 buckler of Giptuf Ditogh {rF+ Will+
                  | Regen+} (You found it on level 4 of the Dungeon)
  3869 | D:4      | Noticed Edmund
  3869 | D:4      | Noticed Ijyb
  4185 | D:4      | Killed Edmund
  4186 | D:4      | Gained mutation: You curl defensively after being hit.
                  | [Palentonga growth]
  4186 | D:4      | Reached XP level 7. HP: 28/58 MP: 8/10
  4253 | D:4      | Killed Ijyb
  4294 | D:5      | Entered Level 5 of the Dungeon
  4335 | D:5      | Found a staircase to the Ecumenical Temple.
  4444 | D:5      | Found a burning altar of Makhleb.
  4444 | D:5      | Found a shimmering altar of Xom.
  4444 | D:5      | Found a blossoming altar of Fedhas.
  4490 | D:5      | Reached skill level 1 in Armour
  4511 | D:5      | Found a sparkling altar of Nemelex Xobeh.
  4752 | D:6      | Found Odecopa's Jewellery Boutique.
  4764 | D:5      | Slain by an orc warrior

Illustrated notes

Levels and vault maps discovered:
D:1:      dpeg_arrival_renting, layout_loops_corners
D:2:      layout_rooms, minmay_pentomino_pile
D:3:      layout_loops_cross, nicolae_overflow_crystal_walls,
          gammafunk_ghost_nasty_kobolds
D:4:      layout_cave_pools, uniq_edmund, uniq_ijyb
D:5:      layout_rooms, general_overflow_altar,
          gammafunk_temple_overflow_forgotten, minmay_temple_entry_large_hall
D:6:      layout_rooms, serial_shops, nicolae_shop_crystal,
          roderic_roman_lattice, sigmund_army, uniq_blork_the_orc

Skill      XL: |  1  2  3  4  5  6  7 |
---------------+----------------------+-----
Unarmed Combat | 4 5 |  5.2
Fighting       | 2 |  2.4
Shields        | 2 |  2.7
Transmutations | 4 |  4.7
Armour         | 2 |  2.0
Dodging        | 2 |  2.3
Spellcasting   | |  2.0

Action                   |  1- 3 |  4- 6 |  7- 9 || total
-------------------------+-------+-------+-------++-------
Melee: Unarmed           |   132 |   207 |    76 ||   415
       Tailslap          |     8 |    18 |    15 ||    41
       Kick              |     4 |    21 |     9 ||    34
       Punch             |     3 |       |       ||     3
       Headbutt          |     2 |    15 |     6 ||    23
 Cast: Beastly Appendage |     7 |    19 |     9 ||    35
Invok: Lunge             |       |     6 |     2 ||     8
 Abil: Rolling Charge    |       |     2 |     1 ||     3
  Use: Scroll            |       |     2 |     2 ||     4
       Potion            |       |       |     1 ||     1
 Stab: Sleeping          |     1 |       |       ||     1
Armor: Robe              |    45 |    45 |     1 ||    91
       Ring mail         |       |       |    19 ||    19
Dodge: Dodged            |    75 |    89 |    32 ||   196
Block: Buckler           |       |    17 |    18 ||    35
